 Seeded DCSS version 0.28-a0-683-ga8797d1ae1 (webtiles) character file.

Game seed: 20211012 (custom seed)

9 a11behringer the Chopper (level 2, -1/27 HPs)
             Began as a Hill Orc Cinder Acolyte on Oct 19, 2021.
             Was a High Priest of Ignis.
             Slain by a quokka (2 damage)
             ... on level 1 of the Dungeon.
             The game lasted 00:01:40 (932 turns).

a11behringer the Chopper (Hill Orc Cinder Acolyte)   Turns: 932, Time: 00:01:40

Health: -1/27      AC:  2    Str: 16    XL:     2   Next: 12%
Magic:  3/3        EV: 11    Int: 14    God:    Ignis [*****.]
Gold:   23         SH:  0    Dex:  6    Spells: 1/3 levels left

rFire   + . .      SeeInvis .   a - -1 hand axe (flame)
rCold   . . .      Faith    .   (no shield)
rNeg    . . .      Spirit   .   b - +0 robe
rPois   .          Reflect  .   (no helmet)
rElec   .          Harm     .   (no cloak)
rCorr   .          Rampage  .   (no gloves)
Will    +....                   (no boots)
Stlth   +.........              (no amulet)
HPRegen 0.09/turn               c - ring of willpower
MPRegen 0.08/turn               (no ring)

@: no status effects
A: no striking features
a: Renounce Religion, Sea of Fire, Foxfire Swarm, Rising Flame


You were on level 1 of the Dungeon.
You worshipped Ignis.
Ignis was extremely pleased with you.
You visited 1 branch of the dungeon, and saw 1 of its levels.

You collected 23 gold pieces.

Inventory:

Hand Weapons
 a - a -1 hand axe of flaming (weapon)
Armour
 b - a +0 robe (worn)
Jewellery
 c - a ring of willpower (left hand)
Scrolls
 d - a scroll of identify {unknown}


   Skills:
 + Level 3.9 Fighting
 * Level 4.2 Axes
 + Level 0.1 Dodging
 + Level 1.0 Spellcasting
 + Level 3.4 Fire Magic


You had one spell level left.
You knew the following spells:

 Your Spells              Type           Power      Damage    Failure   Level
a - Scorch                Fire           20%        2d6       10%         2

Your spell library contained the following spells:

 Spells                   Type           Power      Damage    Failure   Level
 Summon Small Mammal      Summ           0%         N/A       26%         1
 Call Canine Familiar     Summ           0%         N/A       61%         3
 Summon Guardian Golem    Hex/Summ       0%         N/A       61%         3


Dungeon Overview and Level Annotations

Branches:
Dungeon (1/15)

Altars:


Message History

The hobgoblin hits you.
You barely miss the hobgoblin.
The hobgoblin is severely wounded.
The hobgoblin hits you.
You hit the hobgoblin. You burn the hobgoblin.
You kill the hobgoblin!
You barely miss the quokka. The quokka barely misses you. The quokka bites you.
You closely miss the quokka. The quokka closely misses you.
You hit the quokka. You burn the quokka.
The quokka is heavily wounded.
The quokka bites you.
* * * LOW HITPOINT WARNING * * *
You miss the quokka.
The quokka is heavily wounded.
The quokka misses you. The quokka bites you.
* * * LOW HITPOINT WARNING * * *
You barely miss the quokka.
The quokka is heavily wounded.
The quokka misses you.
You barely miss the quokka.
The quokka is heavily wounded.
The quokka barely misses you.
You closely miss the quokka.
The quokka is heavily wounded.
The quokka bites you.
* * * LOW HITPOINT WARNING * * *
You barely miss the quokka.
The quokka is heavily wounded.
The quokka misses you. The quokka completely misses you.
You closely miss the quokka.
The quokka is heavily wounded.
The quokka closely misses you.
You miss the quokka.
The quokka is moderately wounded.
The quokka bites you.
* * * LOW HITPOINT WARNING * * *
You closely miss the quokka.
The quokka is lightly wounded.
The quokka closely misses you. The quokka bites you.
You die...

#####..# #.#
#..###.#######.
#..............
##.###.######..
#.# #.# #.# #.#
#.# #.#
####.#####.###.###
.......@rw........
.#########..#...##
#..# #.# #.... ..
#.r#.# #...#.w
#..#:##. #..#.


You could see a dart slug and a quokka.

Vanquished Creatures
  2 bats (D:1)
  A goblin (D:1)
  2 hobgoblins (D:1)
  A frilled lizard (D:1)
  2 kobolds (D:1)
  A rat (D:1)
9 creatures vanquished.

Notes
Turn   | Place    | Note
-------+----------+-------------------------------------------
     0 | D:1      | a11behringer the Hill Orc Cinder Acolyte began the quest
                  | for the Orb.
     0 | D:1      | Reached XP level 1. HP: 19/19 MP: 2/2
   847 | D:1      | Reached XP level 2. HP: 25/27 MP: 3/3
   850 | D:1      | Learned a level 2 spell: Scorch
   931 | D:1      | HP: 1/27 [quokka (4)]
   932 | D:1      | Slain by a quokka

Illustrated notes

Levels and vault maps discovered:
D:1:      psy_arrival_terrarium, layout_loops_ring, serial_shops, shop,
          minmay_small_reverse_x

Action                   || total
-------------------------++-------
Melee: Hand axe          ||    60
Armor: Robe              ||    17
Dodge: Dodged            ||    46

Table legend: (Time is in decaauts)
 A = Elapsed time spent in this place.
 B = Non-inter-level travel time spent in this place.
 C = Inter-level travel time spent in this place.
 D = Time resting spent in this place.
 E = Time spent auto-exploring this place.
 F = Levels seen in this place.
 G = Mean time per level.
                   A        B        C        D        E       F      G
               +--------+--------+--------+--------+--------+-----+--------+
         Total |    937 |    929 |      8 |      0 |    830 |   1 |  937.0 |
       Dungeon |    937 |    929 |      8 |      0 |    830 |   1 |  937.0 |
               +--------+--------+--------+--------+--------+-----+--------+

Top non-repeatable levels by time:
     D:1: 937 daAuts
